 Dungeon Crawl Stone Soup version 0.22-b1-59-g0aedee7 (webtiles) character file.

103250 Gorglomux the Pandemonic (level 15, -3/146 HPs)
             Began as a Deep Dwarf Fighter on Aug 9, 2018.
             Was a High Priest of Makhleb.
             Killed from afar by a shock serpent (16 damage)
             ... with a bolt of electricity
             ... on level 3 of the Snake Pit.
             The game lasted 00:19:24 (16805 turns).

Gorglomux the Pandemonic (Deep Dwarf Fighter)      Turns: 16805, Time: 00:19:25

Health: -3/146     AC: 27    Str: 24    XL:     15   Next: 88%
Magic:  10/10      EV:  7    Int: 10    God:    Makhleb [*****.]
Gold:   648        SH: 19    Dex: 13    Spells: 14/14 levels left

rFire    . . .     SeeInvis .   J - +2 war axe (elec)
rCold    . . .     Gourm    .   c - +0 shield
rNeg     + . .     Faith    .   k - +1 plate armour {rPois}
rPois    +         Spirit   .   (no helmet)
rElec    .         Reflect  +   (no cloak)
rCorr    .         Harm     .   M - +2 pair of gloves
MR       ++...                  (no boots)
Stlth    ..........             v - +5 amulet of reflection
HPRegen  0.00/turn              y - +2 ring of slaying
MPRegen  0.12/turn              K - +6 ring of protection

@: about to teleport, very slightly contaminated, non-regenerating
A: damage resistance, heal wounds, negative energy resistance 1, sense
surroundings 2, no regeneration
a: Heal Wounds, Minor Destruction, Lesser Servant of Makhleb, Major Destruction,
Greater Servant of Makhleb, Renounce Religion


You were on level 3 of the Snake Pit.
You worshipped Makhleb.
Makhleb was extremely pleased with you.
You were not hungry.

You visited 4 branches of the dungeon, and saw 24 of its levels.
You also visited: Bailey.

You collected 1790 gold pieces.
You spent 1142 gold pieces at shops.

Inventory:

Hand Weapons
 J - a +2 war axe of electrocution (weapon)
Missiles
 Z - 12 throwing nets (quivered)
Armour
 c - a +0 shield (worn)
 k - a +1 plate armour of poison resistance (worn)
 M - a +2 pair of gloves (worn)
Jewellery
 f - an uncursed ring of protection from fire
 h - an uncursed ring of positive energy
 s - an uncursed ring of see invisible
 v - a +5 amulet of reflection (around neck)
 y - a +2 ring of slaying (left hand)
 K - a +6 ring of protection (right hand)
 P - an uncursed amulet of faith
Wands
 A - a wand of acid (12)
 E - a wand of enslavement (5)
 I - a wand of iceblast (20)
 O - a wand of clouds (5)
Scrolls
 j - 9 scrolls of amnesia
 o - 10 scrolls of remove curse
 p - 5 scrolls of magic mapping
 u - 5 scrolls of enchant armour
 w - 4 scrolls of enchant weapon
 z - a scroll of holy word
 G - 4 scrolls of vulnerability
 R - 3 scrolls of identify
 S - 3 scrolls of fog
 T - 10 scrolls of teleportation
 V - 6 scrolls of immolation
 X - 3 scrolls of fear
Potions
 i - 3 potions of agility
 l - 9 potions of haste
 m - 4 potions of flight
 n - 2 potions of berserk rage
 r - 4 potions of cancellation
 t - 6 potions of mutation {!q}
 D - 3 potions of might
 F - 4 potions of heal wounds
 H - 2 potions of invisibility
 N - 3 potions of resistance
 Q - 8 potions of curing
 Y - a potion of magic
Miscellaneous
 U - a box of beasts
 W - a sack of spiders
Comestibles
 d - 29 rations
 L - 10 chunks of flesh


   Skills:
 + Level 12.4 Fighting
 + Level 14.3 Axes
 + Level 14.4 Armour
 + Level 14.4 Shields
 + Level 14.9 Invocations


You had 14 spell levels left.
You didn't know any spells.
Your spell library contained the following spells:

 Spells                   Type           Power        Failure   Level  Hunger
 Cause Fear               Hex            #.........   100%        4    #####..
 Magic Dart               Conj           #...         98%         1    ##.....
 Conjure Flame            Conj/Fire      #.......     100%        3    ####...
 Bolt of Magma            Conj/Fire/Erth #.........   100%        5    ######.
 Slow                     Hex            #.......     99%         2    ###....
 Throw Frost              Conj/Ice       #.....       99%         2    ###....
 Mephitic Cloud           Conj/Pois/Air  #.......     100%        3    ####...
 Venom Bolt               Conj/Pois      #.........   100%        5    ######.
 Olgreb's Toxic Radiance  Pois           #.......     100%        4    #####..
 Blink                    Tloc           N/A          99%         2    ###....
 Animate Dead             Necr           N/A          100%        4    #####..
 Freeze                   Ice            #...         98%         1    ##.....
 Summon Ice Beast         Ice/Summ       #.......     100%        4    #####..
 Ozocubu's Armour         Chrm/Ice       #.......     100%        3    ####...
 Call Imp                 Summ           #.......     99%         2    ###....
 Regeneration             Chrm/Necr      #.........   100%        3    ####...
 Sting                    Conj/Pois      #...         98%         1    ##.....
 Iron Shot                Conj/Erth      #.........   100%        6    #######
 Recall                   Summ/Tloc      N/A          100%        3    ####...
 Statue Form              Tmut/Erth      #........    100%        6    #######
 Death Channel            Necr           #.........   100%        6    #######
 Throw Icicle             Conj/Ice       #.......     100%        4    #####..
 Shatter                  Erth           #.........   100%        9    #######
 Corona                   Hex            #......      98%         1    ##.....
 Simulacrum               Ice/Necr       #.........   100%        6    #######
 Portal Projectile        Hex/Tloc       #.....       100%        3    ####...
 Leda's Liquefaction      Hex/Erth       #.........   100%        4    #####..
 Shroud of Golubria       Chrm/Tloc      #.........   99%         2    ###....
 Inner Flame              Hex/Fire       #.......     100%        3    ####...
 Infusion                 Chrm           #...         98%         1    ##.....
 Song of Slaying          Chrm           #.......     99%         2    ###....
 Spectral Weapon          Hex/Chrm       #.......     100%        3    ####...
 Poisonous Vapours        Pois/Air       #.....       99%         2    ###....
 Borgnjor's Vile Clutch   Necr/Erth      #.........   100%        5    ######.


Dungeon Overview and Level Annotations

Branches:
Dungeon (14/15)            Temple (1/1) D:7            Lair (6/6) D:8
  Swamp (0/4) Lair:2        Snake (3/4) Lair:4        Slime (0/5) Lair:5
    Orc (0/2) D:10         Vaults (0/5) D:13

Altars:
Ashenzari
Cheibriados
Dithmenos
Elyvilon
Fedhas
Gozag
Kikubaaqudgha
Makhleb
Nemelex Xobeh
Okawaru
Qazlal
Ru
Sif Muna
Trog
Uskayaw
Vehumet
Wu Jian
Xom
Yredelemnul
Zin
The Shining One
Jiyva

Shops:
D:5 !   D:10 }**   D:11 *   D:14 [

Portals:
Trove: D:13 (give +5 demon blade)
Sewer: D:4

Annotations:
D:7 22 exclusions
D:13 3 runed doors, Nolossi's ghost, journeyman NaTm
D:14 exclusion: obsidian statue
Lair:5 1 runed door
Snake:1 exclusion: Roxanne, Roxanne
Snake:3 Saint Roka


Innate Abilities, Weirdness & Mutations

You are resistant to damage.
You can heal yourself by infusing magical energy.
You resist negative energy. (rN+)
You passively map the area around you.
You do not regenerate.


Message History

You see here an arrow!
You feel much better!
The shock serpent shoots out a bolt of lightning at you!!!
The butt of butt hits you!!!
A demon appears!!!
It doesn't seem very happy!
The shock serpent shoots out a bolt of lightning at you!!!
The bolt of electricity hits you!!! * * * don't butt
* * * Unknown command!
Blink to where?
Press: ? - help, Dir - move target cursor
As you read the scroll of blinking, butt crumbles to dust!
As you read the scroll of teleportation, butt crumbles to dust!
You feel strangely unstable!
The Executioner gestures!
The Executioner seems to speed up!
The shock serpent shoots out a bolt of lightning at you!!!
The bolt of electricity butts you!!! rip

, ,,, #.#.##.#.# #.#
#.##.#### * ...#.##.#.#
#.# #.##..... **
##..#....#.# #.#
#.####### , ,,
#..######.# #.# #.#.....#
* , ##.# #.# #.#
#.##..... , #. #.# #.#
#.#.###.#
*..#####.####.....#.....#
***
*.............#####.#####
, , *#@# #.#.. #.# ,,
#.####.#.###.## , *
#........#)..†).# ,
#..........)..###.# ,
#...........1.....# , *
#........1....##### ,,
........S.§(.!#
.##.......###S## #.
##'###### #.#


You could see a shock serpent.

Vanquished Creatures
  Rupert (Lair:4)
  A nagaraja (Snake:2)
  Azrael (D:14)
  Josephine (D:11)
  Fannar (D:11)
  3 hydras
  7 naga warriors
  9 anacondas
  A centaur warrior (D:14)
  2 two-headed ogres
  Urug (D:10)
  5 naga sharpshooters
  2 shock serpents
  Sonja (D:10)
  Nergalle (Lair:3)
  A salamander mystic (Snake:2)
  4 naga ritualists (Snake:3)
  3 unseen horrors
  A lindwurm (Lair:6)
  A necromancer (D:13)
  A wolf spider zombie (D:12)
  An oklob plant (Snake:3)
  A deep elf mage (D:13)
  7 salamanders
  A manticore (D:13)
  8 mana vipers
  An ugly thing (D:11)
  3 cyclopes
  3 elephants (Lair:6)
  26 black mambas
  5 guardian serpents
  Maurice (D:11)
  Psyche (D:11)
  6 naga magi
  10 spiny frogs
  9 rime drakes
  An efreet (D:13)
  5 komodo dragons
  A queen bee (D:9)
  A tyrant leech (Lair:6)
  5 trolls
  A polar bear (Lair:5)
  A hornet (D:9)
  6 blink frogs (Lair:6)
  4 slime creatures (D:13)
  11 dream sheep (Lair:4)
  10 hippogriffs
  A vampire (D:14)
  A wyvern (D:13)
  35 yaks
  7 wraiths
  3 fire elementals (D:14)
  A steam dragon (D:11)
  A hog (D:13)
  4 vampire mosquitoes (Lair:6)
  A basilisk (Lair:4)
  2 hungry ghosts (D:14)
  A soldier ant (D:10)
  21 nagas
  2 hell hounds (D:14)
  10 water moccasins
  4 sky beasts
  8 porcupines
  4 black bears
  An eye of draining (shapeshifter) (D:14)
  2 ice beasts
  11 orc warriors
  2 phantoms
  6 ogres
  7 wolves
  10 centaurs
  9 crocodiles
  3 big kobolds
  24 bullfrogs
  4 gnoll sergeants
  A scorpion (D:11)
  16 killer bees (D:9)
  10 wights
  4 electric eels (Lair:6)
  3 howler monkeys (D:11)
  5 crimson imps
  3 bullfrog zombies
  2 centaur zombies
  6 orc priests
  7 hounds
  3 jellies
  18 orc wizards
  2 bullfrog skeletons
  2 centaur skeletons
  3 gnoll shamans (D:10)
  5 iguanas
  9 worker ants
  2 hell rats (Lair:3)
  A hound zombie (D:9)
  A hound skeleton (D:5)
  2 howler monkey zombies (D:7)
  A worker ant zombie (D:8)
  32 gnolls
  11 adders
  9 river rats (Lair:3)
  2 shadow imps
  3 oozes
  A worm (D:3)
  A dart slug (D:1)
  4 leopard geckos
  50 orcs
  6 bats
  4 giant cockroaches
  3 goblins
  3 hobgoblins
  15 jackals
  2 quokkas
  A frilled lizard (D:1)
  A jackal skeleton (D:4)
  17 kobolds
  5 rats
  5 fungi
  5 plants
648 creatures vanquished.

Vanquished Creatures (collateral kills)
  2 naga warriors (Snake:3)
  10 hydras
  A naga ritualist (Snake:2)
  An orc sorcerer (Snake:3)
  4 salamanders
  An elephant (Lair:6)
  A black mamba (Lair:5)
  7 spiny frogs (Lair:6)
  A rime drake (Lair:6)
  A guardian mummy (D:13)
  2 tyrant leeches (Lair:6)
  A slime creature (D:13)
  9 blink frogs (Lair:6)
  A hippogriff (D:14)
  12 yaks (Lair:6)
  2 hogs (D:13)
  2 vampire mosquitoes (Lair:6)
  2 nagas (Snake:3)
  2 water moccasins (Lair:6)
  A necrophage (D:10)
  6 wolves
  2 crocodiles
  2 bullfrogs
  An orc (Snake:3)
74 creatures vanquished.

Vanquished Creatures (others)
  Kirke (D:13)
  3 fungi
  47 plants
51 creatures vanquished.

Grand Total: 773 creatures vanquished

Notes
Turn   | Place    | Note
-------+----------+-------------------------------------------
     0 | D:1      | Gorglomux the Deep Dwarf Fighter began the quest for the Orb.
     0 | D:1      | Reached XP level 1. HP: 20/20 MP: 1/1
    85 | D:1      | Reached XP level 2. HP: 27/27 MP: 2/2
   406 | D:1      | Reached skill level 3 in Fighting
   536 | D:2      | Reached XP level 3. HP: 22/34 MP: 3/3
  1063 | D:3      | Found a stormy altar of Qazlal.
  1063 | D:3      | Found a white marble altar of Elyvilon.
  1064 | D:3      | Found a shimmering altar of Xom.
  1120 | D:3      | Reached skill level 3 in Axes
  1205 | D:3      | Reached XP level 4. HP: 23/42 MP: 4/4
  1248 | D:3      | Found an ornate altar of the Wu Jian Council.
  1726 | D:4      | Noticed an ogre
  1739 | D:4      | Killed an ogre
  1739 | D:4      | Reached XP level 5. HP: 18/49 MP: 4/4
  1889 | D:4      | Found a shadowy altar of Dithmenos.
  2296 | D:4      | Found a glowing drain.
  2402 | D:5      | Entered Level 5 of the Dungeon
  2452 | D:5      | Reached XP level 6. HP: 38/57 MP: 5/5
  2604 | D:5      | Found Kucheror's Distillery.
  2616 | D:5      | Bought a potion of cancellation for 88 gold pieces
  2616 | D:5      | Bought a potion of berserk rage for 55 gold pieces
  2616 | D:5      | Bought a potion of curing for 33 gold pieces
  2616 | D:5      | Bought a potion of lignification for 33 gold pieces
  2616 | D:5      | Bought a potion of invisibility for 88 gold pieces
  2966 | D:5      | Reached XP level 7. HP: 47/64 MP: 6/6
  3481 | D:6      | Reached skill level 6 in Armour
  3481 | D:6      | Reached skill level 6 in Shields
  3481 | D:6      | Reached XP level 8. HP: 35/74 MP: 6/6
  3877 | D:7      | Found a flagged portal.
  3979 | Bailey   | Entered a bailey
  4056 | D:7      | Reached skill level 6 in Axes
  4328 | D:7      | Found a deep blue altar of Sif Muna.
  4378 | D:7      | Found a staircase to the Ecumenical Temple.
  4551 | Temple   | Entered the Ecumenical Temple
  4692 | Temple   | Became a worshipper of Makhleb the Destroyer
  4758 | D:7      | Reached skill level 6 in Fighting
  4758 | D:7      | Gained mutation: You passively map the area around you. [Deep Dwarf growth]
  4758 | D:7      | Reached XP level 9. HP: 25/82 MP: 5/5
  4824 | D:8      | Reached skill level 1 in Invocations
  5064 | D:8      | Reached * piety under Makhleb
  5206 | D:8      | Found a staircase to the Lair.
  5382 | D:9      | Reached skill level 3 in Invocations
  5498 | D:9      | Noticed a guardian serpent
  5515 | D:9      | Killed a guardian serpent
  5625 | D:9      | Paralysed by a hornet for 2 turns
  5638 | D:9      | Paralysed by a hornet for 2 turns
  5778 | D:9      | Reached ** piety under Makhleb
  5784 | D:9      | Reached XP level 10. HP: 56/94 MP: 8/8
  5946 | D:9      | Noticed a guardian serpent
  6000 | D:9      | Killed a guardian serpent
  6000 | D:9      | Reached skill level 6 in Invocations
  6319 | D:9      | Reached skill level 9 in Armour
  6650 | D:10     | Entered Level 10 of the Dungeon
  6661 | D:10     | Found a staircase to the Orcish Mines.
  6773 | D:10     | Killed an unseen horror
  6773 | D:10     | Reached skill level 9 in Shields
  6820 | D:10     | Reached *** piety under Makhleb
  6877 | D:10     | Reached skill level 9 in Axes
  7036 | D:10     | Found Anateing's Assorted Antiques.
  7038 | D:10     | Noticed Sonja
  7047 | D:10     | Reached **** piety under Makhleb
  7048 | D:10     | Reached XP level 11. HP: 103/103 MP: 9/9
  7076 | D:10     | Killed Sonja
  7095 | D:10     | Bought a scroll labeled MAFYORIARA for 24 gold pieces
  7095 | D:10     | Bought a scroll labeled WUKAMM NEQI for 24 gold pieces
  7095 | D:10     | Bought a scroll labeled OLEABU FEEZALL for 24 gold pieces
  7095 | D:10     | Bought 2 glowing cyan potions for 43 gold pieces
  7115 | D:10     | Found an iron altar of Okawaru.
  7128 | D:10     | Noticed Urug
  7143 | D:10     | Killed Urug
  7206 | D:10     | Found Qaopos's Gadget Shoppe.
  7245 | D:10     | Found Yjoliess's General Store.
  7276 | D:10     | Bought a potion of haste for 150 gold pieces
  7276 | D:10     | Bought a scroll of magic mapping for 52 gold pieces
  7558 | D:11     | Noticed a red ugly thing
  7574 | D:11     | Killed a red ugly thing
  7614 | D:11     | Noticed Psyche
  7624 | D:11     | Killed Psyche
  7640 | D:11     | Reached ***** piety under Makhleb
  7751 | D:11     | Noticed Fannar
  7768 | D:11     | Killed Fannar
  7790 | D:11     | Noticed Josephine
  7817 | D:11     | Killed Josephine
  7877 | D:11     | Found Ysidee's General Store.
  7885 | D:11     | Bought a scroll of enchant weapon for 120 gold pieces
  7885 | D:11     | Bought a scroll of immolation for 56 gold pieces
  7947 | D:11     | Noticed Maurice
  7951 | D:11     | Killed Maurice
  8394 | Lair:1   | Entered Level 1 of the Lair of Beasts
  8400 | Lair:1   | Noticed a five-headed hydra
  8407 | Lair:1   | Killed a five-headed hydra
  8407 | Lair:1   | Reached skill level 9 in Invocations
  8643 | Lair:1   | Reached skill level 9 in Fighting
  8720 | Lair:1   | Reached XP level 12. HP: 114/114 MP: 8/8
  9201 | Lair:2   | Found a staircase to the Swamp.
  9511 | Lair:3   | Noticed Nergalle
  9536 | Lair:3   | Killed Nergalle
 10327 | Lair:4   | Found a sacrificial altar of Ru.
 10373 | Lair:4   | Found a staircase to the Snake Pit.
 10416 | Lair:4   | Reached ****** piety under Makhleb
 10572 | Lair:4   | Noticed a four-headed hydra
 10572 | Lair:4   | Noticed Rupert
 10578 | Lair:4   | Killed a five-headed hydra
 10598 | Lair:4   | Killed Rupert
 10919 | Lair:5   | Reached XP level 13. HP: 118/123 MP: 9/9
 11400 | Lair:5   | Found a runed door.
 11401 | Lair:5   | Found a viscous altar of Jiyva.
 11401 | Lair:5   | Found a staircase to the Slime Pits.
 11528 | Lair:6   | Entered Level 6 of the Lair of Beasts
 11542 | Lair:6   | Reached skill level 12 in Armour
 11542 | Lair:6   | Reached skill level 12 in Shields
 11617 | Lair:6   | Reached skill level 12 in Axes
 11841 | Lair:6   | Reached skill level 12 in Invocations
 12126 | Lair:6   | Gained mutation: You resist negative energy. (rN+) [Deep Dwarf growth]
 12126 | Lair:6   | Reached XP level 14. HP: 57/133 MP: 11/11
 12350 | Lair:6   | Found the +7 mace of Variability {chain chaos}
 13352 | D:13     | Found a runed gate.
 13517 | D:13     | Noticed Kirke
 13558 | D:13     | Killed Kirke
 13690 | D:13     | Found a portal to a secret trove of treasure.
 13941 | D:13     | Found a runed gate.
 13949 | D:13     | Found a runed gate.
 13963 | D:13     | Noticed Nolossi's ghost (journeyman NaTm)
 14112 | D:13     | Found a gate to the Vaults.
 14604 | D:14     | Found Rupueg's Armour Emporium.
 14606 | D:14     | Noticed Azrael
 14629 | D:14     | Killed Azrael
 14634 | D:14     | Bought a +1 plate armour of poison resistance for 352 gold pieces
 15036 | Snake:1  | Entered Level 1 of the Snake Pit
 15297 | Snake:1  | Noticed Roxanne
 15516 | Snake:2  | Reached XP level 15. HP: 144/144 MP: 11/11
 15963 | Snake:2  | Reached skill level 12 in Fighting
 16041 | Snake:2  | Noticed a nagaraja
 16057 | Snake:2  | Killed a nagaraja
 16747 | Snake:3  | Found a glowing silver altar of Zin.
 16785 | Snake:3  | Noticed Saint Roka
 16802 | Snake:3  | Noticed an Executioner
 16805 | Snake:3  | Killed from afar by a shock serpent

Skill      XL: |  1  2  3  4  5  6  7  8  9 10 11 12 13 14 15 |
---------------+----------------------------------------------+-----
Fighting       | 3 4 5 6 7 9 10 11 12 | 12.4
Axes           | 3 4 5 6 8 9 10 11 12 13 14 | 14.3
Shields        | 4 5 6 7 8 9 10 11 12 13 14 | 14.4
Armour         | 4 5 6 7 8 9 10 11 12 13 14 | 14.4
Invocations    | 4 7 9 10 12 13 14 | 14.9

Action                   |  1- 3 |  4- 6 |  7- 9 | 10-12 | 13-15 || total
-------------------------+-------+-------+-------+-------+-------++-------
Melee: War axe           |    87 |   123 |   402 |   729 |   968 ||  2309
       Unarmed           |       |       |       |       |     9 ||     9
Throw: Throwing net      |       |       |       |     3 |     3 ||     6
Invok: Minor Destruction |       |       |       |    13 |    16 ||    29
       Lesser Servant of |       |       |       |     7 |    19 ||    26
       Greater Servant o |       |       |       |       |     3 ||     3
 Abil: Heal Wounds       |       |     6 |    13 |    26 |    19 ||    64
Evoke: Wand              |       |       |       |     3 |       ||     3
  Use: Scroll            |       |       |     6 |     7 |    11 ||    24
       Potion            |       |       |     1 |     5 |       ||     6
 Stab: Distracted        |       |       |       |       |     6 ||     6
       Held in net/web   |       |       |       |       |     1 ||     1
  Eat: Chunk             |     1 |     5 |     7 |    18 |    17 ||    48
       Ration            |       |       |     1 |       |     3 ||     4
Armor: Scale mail        |    38 |    51 |   116 |       |       ||   205
       Plate armour      |       |       |   168 |   404 |   213 ||   785
       Skin              |       |       |     2 |    67 |       ||    69
       Chain mail        |       |       |       |   298 |   382 ||   680
Dodge: Dodged            |    33 |    38 |   138 |   259 |   289 ||   757
Block: Shield            |    48 |    67 |   293 |   696 |   926 ||  2030
       Reflection        |       |       |       |       |    41 ||    41
